 Dungeon Crawl Stone Soup version 0.28-a0-429-g1448048969 (webtiles) character file.

Game seed: 18326219516260198627

46 mathmaestro the Ruffian (level 3, -3/54 HPs)
             Began as a Troll Monk on Sept 10, 2021.
             Slain by a goblin (4 damage)
             ... led by Robin
             ... on level 2 of the Dungeon.
             The game lasted 00:01:07 (748 turns).

mathmaestro the Ruffian (Troll Monk)                 Turns: 748, Time: 00:01:09

Health: -3/54      AC: 21    Str: 20    XL:     3   Next: 44%
Magic:  2/2        EV:  1    Int:  6    God:
Gold:   70         SH:  0    Dex: 12    Spells: 2/2 levels left

rFire   . . .      SeeInvis .     - Unarmed
rCold   . . .      Faith    .   (no shield)
rNeg    + + +      Spirit   .   (armour currently unavailable)
rPois   +          Reflect  .   (helmet currently unavailable)
rElec   .          Harm     .   (cloak currently unavailable)
rCorr   .          Rampage  .   (gloves unavailable)
Will    .....      NoTele   +   (boots unavailable)
Stlth   ++........              (no amulet)
HPRegen 1.18/turn               (no ring)
MPRegen 0.08/turn               (no ring)

@: tree-form
A: stationary, stasis, torment immunity, boosted hp, large, unfitting armour,
(claws 3), regeneration 1, (shaggy fur 1), (tough skin 1)
a: no special abilities


You were on level 2 of the Dungeon.
You were a tree.
You visited 1 branch of the dungeon, and saw 2 of its levels.

You collected 70 gold pieces.

Inventory:

Missiles
 f - 61 stones (quivered)
 g - 35 arrows
 i - 27 bolts
 k - 12 sling bullets
Armour
 a - a +0 robe (melded)
Scrolls
 b - a scroll of enchant weapon {unknown}
 e - a scroll of holy word
 h - a scroll of identify {unknown}
 j - a scroll of summoning {unknown}


   Skills:
 + Level 2.9 Fighting
 + Level 2.9 Dodging
 - Level 1.0 Stealth
 + Level 3.5 Unarmed Combat


You had 2 spell levels left.
You didn't know any spells.
Your spell library contained the following spells:

 Spells                   Type           Power      Damage    Failure   Level
 Slow                     Hex            0%         N/A       58%         2
 Confusing Touch          Hex            0%         N/A       83%         3
 Vampiric Draining        Necr           0%         2d6       83%         3


Dungeon Overview and Level Annotations

Branches:
Dungeon (2/15)

Altars:

Annotations:
D:2 Robin


Innate Abilities, Weirdness & Mutations

You are a tree.
Your roots penetrate the ground, keeping you stationary.
You cannot be teleported.
You are immune to unholy pain and torment.
Your maximum health is greatly increased.
Your equipment is partially melded.
You are too large for most types of armour.
((You have claws for hands.))
Your natural rate of healing is unusually fast.
((You are covered in fur. (AC +1)))
((You have tough skin. (AC +1)))


Message History

The goblin hits you with a +0 dagger. The jackal closely misses you.
The goblin closely misses you. The goblin barely misses you.
The goblin hits you with a +0 club.
You are too injured to fight recklessly!
You are too injured to fight recklessly!
You are too injured to fight recklessly!
You are too injured to fight recklessly!
You are too injured to fight recklessly!
Unknown command.
You closely miss the goblin. Your claw misses the goblin.
The jackal barely misses you.
The goblin hits you with a +0 dagger. x3
The goblin hits you with a +0 club.
You closely miss the goblin. The jackal bites you.
* * * LOW HITPOINT WARNING * * *
The goblin hits you with a +0 dagger.
* * * LOW HITPOINT WARNING * * *
The goblin barely misses you. The goblin closely misses you.
The jackal bites you.
* * * LOW HITPOINT WARNING * * *
The goblin barely misses you.
It was a potion of lignification.
You turn into a tree.
Your +0 robe melds into your body.
Your roots penetrate the ground.
The jackal bites you but does no damage.
The goblin hits you but does no damage. x3; The goblin hits you with a +0 club.
* * * LOW HITPOINT WARNING * * *
It was a potion of flight.
Your roots keep you in place.
The jackal bites you but does no damage.
The goblin hits you with a +0 dagger.
* * * LOW HITPOINT WARNING * * *
The goblin hits you but does no damage. The goblin hits you with a +0 dagger.
* * * LOW HITPOINT WARNING * * *
The goblin hits you with a +0 club.
* * * LOW HITPOINT WARNING * * *
As you read the scroll labelled ONALUSUGO, it crumbles to dust.
You speak a Word of immense power!
It was a scroll of holy word.
The jackal completely misses you. The goblin hits you with a +0 dagger.
* * * LOW HITPOINT WARNING * * *
The jackal bites you but does no damage.
The goblin hits you but does no damage. x2; The goblin hits you with a +0 club.
You die...

###+## #...........
...#### ..# #...........
.......##.# #...........
....... ... ............
.......##.###...........
........#...............
......gg#..##.###...####
.....ggg#...........'.#
....ggh♣g...#.###...#.#
.....gg###..#.# #...#.#
....(.h #.....###...#.#
....... #.............##
)...... #...............
####... #...............
#### #.........†.....
#....>..........
#...............


You could see Robin, 2 jackals, a hobgoblin (strong) and 8 goblins.

Vanquished Creatures
  A dart slug (D:1)
  2 bats (D:1)
  2 endoplasms (D:1)
  3 goblins
  6 hobgoblins
  10 jackals
  2 quokkas (D:1)
  4 ball pythons (D:1)
  3 frilled lizards
  2 kobolds
  A rat (D:1)
36 creatures vanquished.

Notes
Turn   | Place    | Note
-------+----------+-------------------------------------------
     0 | D:1      | mathmaestro the Troll Monk began the quest for the Orb.
     0 | D:1      | Reached XP level 1. HP: 22/22 MP: 0/0
    89 | D:1      | Reached XP level 2. HP: 26/29 MP: 1/1
   510 | D:1      | Reached XP level 3. HP: 30/36 MP: 2/2
   523 | D:1      | Found a faded altar of an unknown god.
   737 | D:2      | Noticed Robin
   747 | D:2      | HP: 2/54 [goblin[Robin] (5)]
   748 | D:2      | Slain by a goblin

Illustrated notes

Levels and vault maps discovered:
D:1:      amcnicky_arrival_single_pillar, layout_rooms,
          shapermc_ecumenical_altar_pompeii, amethyst_killhole,
          minmay_door_square
D:2:      layout_basic, uniq_robin, uniq_jessica

Action                   || total
-------------------------++-------
Melee: Unarmed           ||    92
       Punch             ||     1
  Use: Potion            ||     2
       Scroll            ||     1
 Stab: Sleeping          ||     1
Armor: Robe              ||    36
       Skin              ||     9
Dodge: Dodged            ||    45

Table legend: (Time is in decaauts)
 A = Elapsed time spent in this place.
 B = Non-inter-level travel time spent in this place.
 C = Inter-level travel time spent in this place.
 D = Time resting spent in this place.
 E = Time spent auto-exploring this place.
 F = Levels seen in this place.
 G = Mean time per level.
                   A        B        C        D        E       F      G
               +--------+--------+--------+--------+--------+-----+--------+
         Total |    741 |    722 |     19 |      0 |    547 |   2 |  370.5 |
       Dungeon |    741 |    722 |     19 |      0 |    547 |   2 |  370.5 |
               +--------+--------+--------+--------+--------+-----+--------+

Top non-repeatable levels by time:
     D:1: 670 daAuts
     D:2: 70 daAuts
